 Dungeon Crawl Stone Soup version 0.28-a0-1182-g381e24db82 (webtiles) character file.

Game seed: 13629355710958135524

401 jtrev the Cudgeller (level 6, -4/55 HPs)
             Began as a Gargoyle Berserker on Dec 16, 2021.
             Was a Believer of Trog.
             Slain by Crazy Yiuf (13 damage)
             ... on level 2 of the Dungeon.
             The game lasted 00:07:27 (2856 turns).

jtrev the Cudgeller (Gargoyle Berserker)            Turns: 2856, Time: 00:07:28

Health: -4/55      AC: 13    Str: 23    XL:     6   Next: 85%
Magic:  0/6        EV:  8    Int:  7    God:    Trog [**....]
Gold:   134        SH:  0    Dex:  9    Spells: 5/5 levels left

rFire   . . .      SeeInvis .   a - +0 mace
rCold   . . .      Faith    .   (no shield)
rNeg    + + .      Spirit   .   e - +0 chain mail
rPois   ∞          Reflect  .   (no helmet)
rElec   +          Harm     .   (no cloak)
rCorr   .          Rampage  .   (no gloves)
Will    .....                   (no boots)
Stlth   ..........              (no amulet)
HPRegen 0.18/turn               c - ring of positive energy
MPRegen 0.10/turn               (no ring)

@: berserking, very quick
A: sickness immunity, AC +4, negative energy resistance 1, electricity
resistance, torment resistance 1, petrification resistance
a: Renounce Religion, Berserk, Trog's Hand


You were on level 2 of the Dungeon.
You worshipped Trog.
Trog was pleased with you.
You visited 1 branch of the dungeon, and saw 2 of its levels.

You collected 134 gold pieces.

Inventory:

Hand Weapons
 a - a +0 mace (weapon)
Armour
 e - a +0 chain mail (worn)
   (You found it on level 2 of the Dungeon)
 i - a +0 buckler
   (You found it on level 2 of the Dungeon)
 m - a +0 tower shield
   (You found it on level 2 of the Dungeon)
 n - a +0 cloak
   (You found it on level 2 of the Dungeon)
Jewellery
 c - a ring of positive energy (left hand)
   (You found it on level 1 of the Dungeon)
 o - a ring of magical power
   (You found it on level 2 of the Dungeon)
Scrolls
 g - 2 scrolls of fog {unknown}
 h - 2 scrolls of teleportation {unknown}
 l - a scroll of identify {unknown}
Potions
 b - a potion of berserk rage
 d - a potion of heal wounds {unknown}
 f - a potion of attraction {unknown}
 j - a potion of magic {unknown}
 k - a potion of mutation {unknown}


   Skills:
 - Level 3.2 Fighting
 + Level 6.6 Maces & Flails
 - Level 2.1 Armour
 - Level 1.5 Dodging
 + Level 3.3 Shields


You had 5 spell levels left.
You didn't know any spells.
Your spell library was empty.

Dungeon Overview and Level Annotations

Branches:
Dungeon (2/15)

Altars:

Annotations:
D:2 Crazy Yiuf


Innate Abilities, Weirdness & Mutations

You are immune to sickness and miasma.
Your stone body is resilient. (AC +4)
You are immune to poison.
You resist negative energy. (rN+)
You are resistant to electric shocks. (rElec)
You are resistant to unholy torment.
You are immune to petrification.


Message History

Unknown command.
Items here: ) [ ††.
Okay, then.
Found a mace.
You see here a +0 mace.
An endoplasm comes into view.
The endoplasm quivers.
An endoplasm is nearby!
The endoplasm freezes you.
You are frozen.
You sock the endoplasm!
You kill the endoplasm!
Trog accepts your kill.
No target in view!
No target in view!
No target in view!
You see here a +0 spear.
Things that are here:
a +0 club; a +0 whip
Things that are here:
3 stones; a +0 spear
Things that are here:
3 stones; a +0 spear
There is a stone staircase leading up here.
Things that are here:
a +0 dagger; a +0 robe Key pressed, stopping explore.
You see here 11 stones.
Things that are here:
a +0 dagger; a +0 robe You see here a +0 plate armour.
Crazy Yiuf shouts!
You open the door.
Crazy Yiuf screams, "Defame tea head!"
Crazy Yiuf drinks a potion.
Crazy Yiuf goes berserk!
Crazy Yiuf barely misses you.
There is an open translucent door here.
You closely miss Crazy Yiuf.
Crazy Yiuf hits you with a +4 quarterstaff of chaos.
Crazy Yiuf freezes you.
Crazy Yiuf hits you with a +4 quarterstaff of chaos!
* * * LOW HITPOINT WARNING * * *
You feel your power leaking away.
A red film seems to cover your vision as you go berserk!
You feel yourself moving faster!
You feel mighty!
Crazy Yiuf hits you with a +4 quarterstaff of chaos!
* * * LOW HITPOINT WARNING * * *
You closely miss Crazy Yiuf.
Crazy Yiuf hits you with a +4 quarterstaff of chaos!
You die...

#.............###............#.
#........#.##.# ###.###.###..#.
#...†....#.##.# #.# #.# #....
##...########## #####.###.##.
###.# #...(...##. ####♣♣♣♣♣
###.######. ###...♣.♣♣♣ ####
###.# #. ##......♣..♣#...#
#..)# #. #......♣♣♣♣.@g..#
###.# #. #..#..♣♣ ♣♣#..)# #.#
#. #.###♣♣ #### ###.# #. #.#
#.#.# ## #.# #.#.# # #.###
############.#.# #.#.#
#.##...........# ##.#.#
#.##.........### ##....#
#.....<......#


You could see Crazy Yiuf (berserk).

Vanquished Creatures
  Sigmund (D:2)
  A phantom (D:2)
  A hound (D:1)
  Jessica (D:2)
  4 gnolls
  An adder (D:2)
  2 worms (D:2)
  8 bats
  5 endoplasms
  3 giant cockroaches
  4 goblins
  6 hobgoblins
  7 kobolds
  5 ball pythons
  6 frilled lizards
  4 rats (D:1)
59 creatures vanquished.

Vanquished Creatures (others)
  8 plants (D:1)
8 creatures vanquished.

Grand Total: 67 creatures vanquished

Notes
Turn   | Place    | Note
-------+----------+-------------------------------------------
     0 | D:1      | jtrev the Gargoyle Berserker began the quest for the Orb.
     0 | D:1      | Reached XP level 1. HP: 14/14 MP: 1/1
   239 | D:1      | Reached XP level 2. HP: 19/19 MP: 2/2
   605 | D:1      | Found a faded altar of an unknown god.
   884 | D:1      | Reached skill level 4 in Maces & Flails
   956 | D:1      | Reached XP level 3. HP: 22/23 MP: 3/3
  1329 | D:2      | Noticed a phantom
  1335 | D:1      | Reached XP level 4. HP: 22/28 MP: 4/4
  1449 | D:1      | Reached ** piety under Trog
  1536 | D:2      | Killed a phantom
  1537 | D:2      | Reached skill level 5 in Maces & Flails
  1537 | D:2      | Reached XP level 5. HP: 26/32 MP: 5/5
  1736 | D:2      | Reached skill level 1 in Shields
  2132 | D:2      | Reached skill level 6 in Maces & Flails
  2191 | D:2      | Found a runed translucent door.
  2192 | D:2      | Noticed Crazy Yiuf
  2245 | D:2      | Noticed Jessica
  2258 | D:2      | Killed Jessica
  2357 | D:2      | Reached XP level 6. HP: 32/37 MP: 6/6
  2456 | D:2      | Noticed Sigmund
  2468 | D:2      | Killed Sigmund
  2856 | D:2      | Slain by Crazy Yiuf

Illustrated notes

Levels and vault maps discovered:
D:1:      minmay_arrival_semitransparent, layout_loops_ring,
          shapermc_ecumenical_altar_totnotflames, lexackson_kobold_supper
D:2:      layout_loops_ring, minmay_small_reverse_x, uniq_jessica, uniq_sigmund,
          uniq_crazy_yiuf_cottage

Skill      XL: |  1  2  3  4  5  6 |
---------------+-------------------+-----
Maces & Flails | 4 5 6 |  6.6
Shields        | 2 3 |  3.3
Fighting       | |  3.2
Armour         | |  2.1
Dodging        | |  1.5

Action                   |  1- 3 |  4- 6 || total
-------------------------+-------+-------++-------
Melee: Mace              |   104 |    94 ||   198
Invok: Berserk           |       |     4 ||     4
       Trog's Hand       |       |     1 ||     1
Armor: Animal skin       |     5 |       ||     5
       Ring mail         |    57 |       ||    57
       Scale mail        |    14 |       ||    14
       Chain mail        |       |    56 ||    56
Dodge: Dodged            |    83 |    43 ||   126

Table legend: (Time is in decaauts)
 A = Elapsed time spent in this place.
 B = Non-inter-level travel time spent in this place.
 C = Inter-level travel time spent in this place.
 D = Time resting spent in this place.
 E = Time spent auto-exploring this place.
 F = Levels seen in this place.
 G = Mean time per level.
                   A        B        C        D        E       F      G
               +--------+--------+--------+--------+--------+-----+--------+
         Total |   2921 |   2786 |    135 |    666 |   1539 |   2 | 1460.5 |
       Dungeon |   2921 |   2786 |    135 |    666 |   1539 |   2 | 1460.5 |
               +--------+--------+--------+--------+--------+-----+--------+

Top non-repeatable levels by time:
     D:1: 1870 daAuts
     D:2: 1051 daAuts
